Map: Flooded City

Players

Proto

  • Race: Protoss Protoss
  • Spawn Location: 6:00

VirtualRepka

  • Race: Zerg Zerg
  • Spawn Location: 6:00

ILIEKEGGPIE

  • Race: Protoss Protoss
  • Spawn Location: 12:00

BizMac

  • Race: Zerg Zerg
  • Spawn Location: 12:00

VOD

Have the link to the VOD?

Description

Time

  • Played on: March 16, 2018, 4:28 p.m.
  • Length: 20:18
Show
View Real Time Build Order
Export as new Build Order

Proto Protoss 

Build Orders:  

Get SALT Encoding   

  12  0:03  Probe  
  13  0:18  Probe (Chrono Boost)  
  13  0:19  Pylon  
  15  0:28  Probe (Chrono Boost)  
  15  0:36  Probe  
  15  0:41  Gateway  
  16  0:50  Probe  
  17  1:02  Gateway, Probe  
  18  1:05  Assimilator  
  18  1:21  Probe  
  19  1:28  Pylon  
  19  1:33  Probe  
  19  1:37  Zealot  
  22  1:47  Cybernetics Core, Probe  
  22  1:51  Pylon  
  22  1:52  Zealot  
  25  2:03  Gateway  
  25  2:08  Zealot  
  27  2:22  Probe, Forge  
  28  2:44  Zealot x2  
  32  2:51  Stalker  
  32  2:54  Assimilator  
  34  3:03  Photon Cannon  
  34  3:11  Zealot  
  36  3:13  Stargate  
  36  3:18  Warp Gate (Chrono Boost)  
  36  3:29  Stalker  
  38  4:03  Stalker  
  38  4:14  Pylon  
  38  4:16  Pylon  
  38  4:29  Probe  
  39  4:46  Photon Cannon  
  39  4:48  Photon Cannon  
  39  4:52  Fleet Beacon  
  39  5:04  Probe  
  40  5:17  Void Ray (Chrono Boost)  
  44  5:40  Pylon  
  44  5:41  Pylon  
  44  5:58  Oracle  
  47  6:15  Assimilator  
  47  6:20  Assimilator  
  47  6:22  Nexus  
  47  6:28  Photon Cannon  
  47  6:31  Probe, Photon Cannon  
  48  6:51  Carrier  
  48  6:52  Stargate  
  54  7:05  Probe  
  55  7:17  Probe  
  56  7:49  Carrier  
  62  8:18  Probe x2  
  64  8:20  Carrier  
  70  8:30  Stargate, Probe  
  70  8:31  Probe  
  72  8:44  Nexus  
  72  8:45  Pylon  
  72  8:53  Protoss Air Weapons Level 1 (Chrono Boost)  
  72  8:54  Probe x2  
  74  8:59  Graviton Catapult  
  74  9:06  Probe  
  75  9:49  Carrier (Chrono Boost)  
  87  9:59  Carrier (Chrono Boost)  
  87  10:04  Probe  
  87  10:05  Probe  
  89  10:17  Assimilator, Pylon  
  89  10:19  Pylon  
  89  10:22  Assimilator  
  89  10:23  Pylon  
  89  10:25  Pylon  
  89  10:29  Protoss Air Armor Level 1  
  72  11:08  Carrier x2 (Chrono Boost)  
  82  11:20  Probe  
  82  11:21  Stargate, Probe x2  
  85  11:33  Probe  
  85  11:39  Photon Cannon  
  86  11:41  Photon Cannon  
  86  11:42  Pylon  
  86  11:44  Pylon  
  86  11:46  Shield Battery, Carrier (Chrono Boost)  
  87  11:47  Shield Battery, Probe x3  
  95  12:12  Tempest (Chrono Boost)  
  101  12:25  Probe x2  
  101  12:29  Tempest, Carrier  
  109  12:31  Protoss Air Weapons Level 2 (Chrono Boost)  
  115  12:42  Probe x2  
  117  13:09  Carrier x2  
  129  13:25  Tempest  
  135  13:36  Probe x2  
  137  14:05  Mothership (Chrono Boost)  
  145  14:11  Tempest  
  151  14:40  Protoss Air Armor Level 2  
  151  14:45  Tempest  
  157  14:55  Pylon  
  157  15:03  Pylon  
  157  15:12  Carrier  
  163  15:17  Pylon  
  163  15:21  Tempest  
  163  15:24  Pylon  
  169  15:29  Pylon  
  169  15:47  Tempest  
  169  15:48  Carrier  
  181  16:20  Carrier  
  187  16:50  Protoss Air Weapons Level 3 (Chrono Boost), Carrier  
  193  17:31  Robotics Facility  
  193  18:56  Tempest  
  177  20:02  Nexus  
  177  20:04  Pylon  
  165  20:08  Pylon  
Show
View Real Time Build Order
Export as new Build Order

VirtualRepka Zerg 

Build Orders: Pool First, Lurkers 

Get SALT Encoding   

  12  0:04  Drone  
  13  0:13  Overlord  
  13  0:19  Drone  
  14  0:32  Drone x2  
  16  0:38  Drone  
  17  0:48  Extractor  
  16  0:50  Drone  
  17  1:00  Spawning Pool  
  17  1:03  Drone  
  17  1:13  Drone  
  18  1:24  Drone  
  19  1:37  Drone  
  20  1:41  Hatchery  
  19  2:00  Zergling x2  
  20  2:14  Zergling x4  
  22  2:16  Overlord, Metabolic Boost  
  22  2:27  Overlord  
  22  2:33  Queen  
  22  2:35  Baneling Nest  
  23  2:53  Zergling x2  
  23  2:54  Queen  
  23  2:58  Drone x2  
  28  3:06  Drone  
  29  3:16  Drone  
  29  3:17  Zergling x2  
  31  3:24  Baneling x2  
  31  3:25  Spine Crawler  
  31  3:27  Spine Crawler  
  28  3:51  Zergling x12  
  28  3:52  Zergling x4  
  35  4:08  Zergling x4  
  35  4:09  Zergling x2  
  38  4:13  Drone  
  39  4:25  Baneling x3  
  39  4:30  Lair  
  39  4:33  Drone x3, Extractor  
  39  4:35  Spore Crawler  
  40  4:41  Spore Crawler  
  39  4:45  Pneumatized Carapace  
  39  4:49  Drone  
  40  4:53  Drone  
  40  4:57  Drone  
  42  5:10  Drone x2  
  42  5:12  Overlord  
  44  5:25  Overlord  
  44  5:32  Hydralisk Den  
  42  5:54  Drone x3  
  43  6:12  Zergling x12  
  43  6:16  Baneling x3  
  50  6:18  Drone  
  50  6:19  Drone  
  50  6:20  Extractor  
  50  6:24  Muscular Augments  
  50  6:25  Hydralisk x3  
  54  6:28  Hydralisk  
  54  6:32  Drone x2  
  60  6:36  Overlord  
  60  6:47  Overlord  
  60  6:48  Overlord  
  59  7:08  Drone x3  
  62  7:09  Drone x2  
  62  7:10  Drone x2  
  62  7:12  Extractor  
  65  7:25  Hatchery  
  64  7:44  Lurker Den  
  64  7:47  Hydralisk x6  
  75  7:54  Evolution Chamber  
  75  7:55  Drone x2  
  75  7:56  Drone  
  78  7:58  Drone  
  78  8:01  Drone  
  79  8:21  Lurker Den  
  79  8:23  Grooved Spines  
  79  8:25  Zerg Missile Weapons Level 1  
  78  8:27  Centrifical Hooks  
  78  8:42  Drone x10  
  78  8:45  Drone  
  89  8:56  Infestation Pit  
  83  9:25  Overseer  
  83  9:27  Hydralisk x2  
  83  9:28  Hydralisk  
  83  9:30  Overlord  
  89  9:33  Overlord x2  
  89  9:42  Overlord  
  89  9:43  Overlord  
  89  9:48  Lurker x5  
  89  9:49  Lurker  
  95  9:57  Drone x7  
  95  9:58  Drone x2  
  104  10:00  Queen  
  104  10:01  Extractor x2  
  104  10:16  Nydus Network  
  86  11:12  Hydralisk  
  86  11:13  Hydralisk x6  
  86  11:14  Hydralisk x2  
  97  11:28  Hatchery  
  96  11:36  Drone  
  96  11:37  Drone  
  98  11:41  Spore Crawler  
  98  11:43  Drone x2  
  98  11:44  Drone, Queen  
  102  11:51  Drone x2  
  102  11:53  Drone  
  105  12:03  Nydus Network  
  105  12:07  Overseer  
  104  12:09  Overseer  
  104  12:11  Drone x6  
  110  12:17  Lurker  
  110  12:19  Infestor x2  
  110  12:21  Infestor  
  117  12:31  Drone  
  117  12:33  Zerg Ground Armor Level 1  
  108  13:21  Nydus Canal  
  108  13:25  Drone x3  
  111  13:28  Spine Crawler  
  111  13:30  Spine Crawler  
  111  13:31  Spine Crawler  
  111  13:32  Drone  
  111  13:33  Drone x4  
  97  13:52  Burrow  
  95  13:56  Hatchery  
  82  14:36  Hydralisk  
  82  14:37  Hydralisk x8  
  100  14:40  Hydralisk  
  100  14:41  Hydralisk x2  
  106  15:11  Extractor  
  106  15:12  Hatchery  
  106  15:14  Hatchery  
  103  15:32  Lurker x2  
  103  15:33  Lurker x9  
  103  15:34  Lurker  
  115  15:37  Pathogen Glands  
  115  15:45  Nydus Canal  
  115  15:50  Overlord  
  115  15:51  Overlord  
  107  16:20  Infestor  
  107  16:21  Infestor x2  
  113  16:33  Hive  
  100  17:10  Overlord  
  100  17:11  Overlord x2  
  100  17:13  Drone x2  
  100  17:14  Drone  
  100  17:15  Drone x3  
  104  17:27  Nydus Canal  
  104  17:40  Hatchery  
  103  17:56  Hydralisk  
  103  17:57  Hydralisk x5  
  90  18:45  Hatchery  
  85  18:59  Infestor x2  
  85  19:00  Infestor  
  85  19:02  Infestor x3  
  83  19:11  Hydralisk  
  83  19:12  Hydralisk x2  
  83  19:14  Hydralisk x3  
  80  19:50  Spine Crawler  
  80  19:51  Spine Crawler  
  80  19:52  Spine Crawler x2  
  76  19:53  Hatchery, Spine Crawler  
  76  19:58  Spine Crawler  
  73  20:00  Spine Crawler  
  73  20:01  Spine Crawler  
  73  20:02  Spine Crawler x2  
Show
View Real Time Build Order
Export as new Build Order

ILIEKEGGPIE Protoss 

Build Orders:  

Get SALT Encoding   

  12  0:01  Probe  
  13  0:13  Probe  
  14  0:23  Pylon  
  14  0:25  Probe  
  15  0:41  Probe  
  16  0:47  Gateway  
  16  0:53  Probe  
  16  0:55  Assimilator  
  17  1:05  Gateway, Probe  
  18  1:18  Pylon  
  18  1:30  Probe  
  19  1:36  Cybernetics Core  
  21  1:42  Probe  
  21  1:44  Zealot (Chrono Boost)  
  22  1:50  Assimilator  
  22  1:54  Zealot (Chrono Boost), Probe  
  25  2:10  Warp Gate (Chrono Boost)  
  27  2:17  Adept  
  27  2:18  Adept  
  29  2:41  Nexus  
  29  2:50  Stalker  
  31  3:02  Pylon  
  31  3:20  Probe  
  31  3:22  Pylon  
  32  3:32  Probe  
  33  3:55  Probe  
  34  3:56  Probe  
  34  3:58  Gateway  
  34  3:59  Gateway  
  33  4:07  Probe  
  33  4:08  Probe  
  33  4:19  Probe  
  33  4:20  Probe  
  35  4:31  Adept x2, Probe  
  39  4:34  Probe  
  41  4:40  Twilight Council  
  41  4:41  Pylon  
  41  4:43  Probe  
  42  4:46  Probe  
  42  4:52  Sentry x2  
  47  4:56  Probe (Chrono Boost)  
  47  4:58  Probe (Chrono Boost)  
  49  5:08  Probe (Chrono Boost)  
  49  5:10  Probe (Chrono Boost)  
  51  5:14  Charge (Chrono Boost), Probe (Chrono Boost)  
  51  5:15  Probe (Chrono Boost)  
  51  5:20  Assimilator  
  53  5:22  Probe  
  53  5:24  Templar Archives  
  53  5:25  Assimilator, Probe  
  53  5:28  Pylon  
  55  5:34  Probe  
  56  5:37  Probe  
  56  5:40  Adept x3  
  63  5:46  Probe  
  64  6:16  High Templar x3  
  64  6:17  Zealot  
  72  6:19  Nexus  
  72  6:22  Assimilator  
  72  6:26  Assimilator  
  72  6:28  Pylon  
  72  6:39  Pylon  
  72  6:46  Forge  
  72  6:47  Zealot, Pylon, Forge  
  74  6:58  Probe (Chrono Boost)  
  74  6:59  Probe (Chrono Boost)  
  76  7:10  Probe (Chrono Boost)  
  76  7:12  High Templar x3  
  76  7:13  High Templar  
  86  7:16  Probe (Chrono Boost)  
  86  7:18  Probe (Chrono Boost)  
  88  7:23  Probe (Chrono Boost)  
  88  7:24  Probe  
  87  7:34  Probe  
  87  7:36  Probe  
  87  7:44  Pylon  
  87  7:45  Photon Cannon  
  87  7:46  Probe  
  87  7:48  Probe  
  87  7:49  Photon Cannon  
  89  7:57  Photon Cannon  
  86  7:59  Probe  
  86  8:12  Photon Cannon  
  86  8:15  Psionic Storm, Probe x3  
  89  8:21  Blink (Chrono Boost)  
  89  8:24  Protoss Ground Weapons Level 1 (Chrono Boost), Photon Cannon  
  89  8:25  Protoss Ground Armor Level 1 (Chrono Boost)  
  89  8:28  Probe x2  
  91  8:35  Pylon  
  91  8:36  Pylon  
  91  8:49  Probe x2  
  91  8:50  Probe  
  91  8:54  Nexus  
  94  9:02  Gateway  
  94  9:05  Gateway  
  94  9:07  Gateway  
  94  9:08  Gateway  
  94  9:12  Gateway  
  94  9:13  Gateway  
  94  9:24  Photon Cannon  
  94  9:25  Zealot x4  
  95  9:50  Photon Cannon  
  94  9:55  Photon Cannon  
  94  9:59  Protoss Ground Weapons Level 2 (Chrono Boost)  
  94  10:00  Protoss Ground Armor Level 2 (Chrono Boost)  
  94  10:07  Pylon  
  94  10:12  Probe x4  
  98  10:15  Pylon  
  98  10:18  Pylon  
  98  10:21  Pylon  
  98  10:23  Assimilator  
  98  10:24  Probe x4  
  98  10:27  Assimilator  
  56  11:18  Stalker x2  
  56  11:19  Stalker x2, Zealot  
  56  11:20  Zealot x4  
  56  11:24  Probe  
  73  11:28  Pylon  
  73  11:45  Stalker  
  73  11:46  Stalker x6  
  73  11:47  Stalker  
  89  11:48  Photon Cannon  
  89  11:51  Photon Cannon  
  89  11:52  Photon Cannon  
  89  11:54  Photon Cannon  
  89  12:00  Robotics Facility  
  89  12:01  Robotics Facility  
  89  12:03  Protoss Ground Weapons Level 3 (Chrono Boost), Protoss Ground Armor Level 3 (Chrono Boost)  
  89  12:04  Robotics Facility  
  89  12:23  Pylon  
  89  12:25  Pylon  
  89  12:43  Probe  
  90  12:51  Pylon  
  90  12:54  Pylon  
  90  12:56  Observer (Chrono Boost)  
  90  12:57  Observer x2 (Chrono Boost)  
  91  13:03  Stalker x5  
  91  13:04  Stalker x4  
  109  13:09  Observer (Chrono Boost)  
  110  13:19  Probe x2  
  113  13:20  Probe  
  125  13:35  Observer x3  
  125  13:40  Zealot x2  
  125  13:41  Zealot x2, Stalker x2  
  121  13:42  Stalker  
  121  13:43  Stalker x2  
  118  13:56  Observer  
  119  14:21  Stalker x2  
  119  14:22  Stalker x4  
  131  14:30  Stalker x2  
  135  14:31  Stalker  
  137  14:39  Pylon  
  137  14:44  Pylon  
  137  14:47  Nexus  
  137  14:52  Pylon  
  131  15:21  Stalker  
  131  15:22  Stalker x7  
  131  15:23  Stalker  
  147  15:47  Probe x2  
  147  15:48  Probe  
  150  15:59  Probe  
  149  16:04  Stalker x4  
  149  16:05  Stalker x2  
  149  16:09  Stalker  
  149  16:10  Stalker x2  
  163  16:25  Probe x3  
  166  16:28  Probe  
  166  16:31  Assimilator  
  162  16:36  Assimilator  
  162  16:37  Probe x3  
  165  16:40  Probe  
  160  17:08  Stalker  
  160  17:09  Stalker x2, Sentry x3  
  160  17:10  Sentry x3  
  178  17:33  Probe  
  178  17:34  Probe x3  
  178  17:36  Pylon  
  182  17:37  Pylon  
  181  17:52  Zealot x4  
  181  17:53  Zealot x4  
  184  18:22  Probe x2  
  184  18:26  Pylon  
  186  18:28  Pylon  
  103  19:21  Stalker  
  103  19:22  Stalker x8  
  86  19:46  Stalker x4  
  86  19:47  Stalker x3  
  86  19:48  Stalker x2  
  83  20:12  Stalker x2  
  83  20:13  Stalker x6  
Show
View Real Time Build Order
Export as new Build Order

BizMac Zerg 

Build Orders: Pool First 

Get SALT Encoding   

  12  0:01  Drone  
  13  0:10  Drone  
  14  0:18  Overlord  
  14  0:36  Drone x3  
  17  0:46  Extractor  
  16  0:52  Spawning Pool  
  16  0:55  Drone  
  16  1:05  Drone  
  17  1:25  Hatchery  
  16  1:26  Drone  
  17  1:38  Queen  
  19  1:48  Metabolic Boost  
  19  1:53  Zergling x2  
  20  1:54  Zergling x2  
  21  2:02  Zergling x2  
  22  2:20  Overlord  
  22  2:42  Drone x3  
  22  2:43  Drone  
  26  2:55  Zergling x2  
  26  2:56  Zergling x6  
  30  3:00  Queen  
  32  3:10  Baneling Nest  
  31  3:20  Drone  
  31  3:21  Drone  
  30  4:06  Drone x6  
  30  4:07  Overlord x2  
  30  4:08  Overlord  
  36  4:22  Lair  
  36  4:25  Extractor  
  36  4:26  Overlord  
  36  4:27  Drone  
  36  4:37  Drone  
  37  4:39  Extractor  
  37  4:44  Drone x3  
  39  4:49  Drone x2  
  39  4:52  Drone x3  
  44  5:06  Evolution Chamber  
  43  5:09  Evolution Chamber  
  43  5:13  Drone x2  
  44  5:23  Zergling x2  
  44  5:24  Zergling x16  
  53  5:33  Extractor  
  51  5:48  Hydralisk Den  
  47  5:51  Zergling x18  
  47  5:55  Baneling  
  47  5:56  Baneling x6  
  56  6:01  Drone  
  57  6:21  Zerg Ground Armor Level 1, Zerg Missile Weapons Level 1  
  57  6:23  Grooved Spines  
  57  6:30  Drone x5  
  62  6:33  Drone x4  
  66  6:51  Hydralisk  
  66  6:53  Overlord x2  
  66  6:54  Overlord x2  
  68  6:58  Spore Crawler  
  67  7:03  Spine Crawler  
  66  7:15  Hydralisk  
  66  7:16  Hydralisk x8  
  84  7:27  Hydralisk x2  
  88  7:34  Muscular Augments  
  88  8:03  Hatchery  
  87  8:11  Hydralisk  
  87  8:12  Hydralisk x5  
  99  8:16  Centrifical Hooks  
  99  8:19  Zerg Missile Weapons Level 2  
  99  8:32  Spore Crawler  
  98  8:35  Extractor  
  98  8:36  Extractor  
  96  8:46  Overlord x4  
  94  9:17  Hydralisk x11  
  94  9:18  Hydralisk  
  118  9:27  Roach Warren  
  117  9:39  Spore Crawler  
  117  9:41  Zerg Ground Armor Level 2  
  117  9:43  Overlord  
  116  9:46  Drone x3  
  118  10:40  Overseer x3  
  117  10:49  Hydralisk x5  
  119  10:50  Hydralisk x4  
  127  11:23  Overlord  
  127  11:24  Overlord  
  127  11:25  Roach x6  
  139  11:28  Glial Reconstitution  
  139  11:32  Queen  
  141  11:51  Infestation Pit  
  140  11:58  Drone x3  
  143  12:11  Roach x9  
  143  12:12  Overlord x2  
  143  12:13  Overlord  
  161  12:37  Pneumatized Carapace  
  137  13:16  Hydralisk x11  
  144  13:55  Hatchery  
  143  14:09  Roach  
  145  14:10  Roach x8  
  126  14:49  Hydralisk x2  
  126  14:50  Hydralisk x4  
  138  15:06  Hydralisk x5  
  148  15:19  Spire  
  147  15:32  Overseer x2  
  147  15:33  Overseer  
  119  16:11  Roach  
  119  16:12  Roach  
  119  16:13  Roach x2, Hydralisk x5  
  119  16:14  Hydralisk  
  137  16:19  Queen  
  139  16:44  Corruptor  
  139  16:45  Overlord x2  
  141  16:47  Corruptor  
  141  16:48  Corruptor x4  
  141  16:50  Overlord x5  
  141  16:53  Extractor x2  
  147  17:27  Corruptor  
  147  17:28  Corruptor x11  
  171  17:35  Zerg Flyer Weapons Level 1  
  169  17:58  Overseer x2  
  145  18:27  Hydralisk  
  145  18:28  Hydralisk x9  
  163  18:37  Drone  
  82  19:24  Corruptor  
  82  19:25  Corruptor x10  
Tags
 
Add a new tag
Caveats
  • Supply blocks, unpowered buildings, or Contaminate may cause inaccurate times.
  • Supply counts are checked every 10 seconds.